| TOP OF THE 1ST |
|
Rochester Red Wings batting - Pitching for Pawtucket Red Sox : RHP John McLeod
|
|
Pitching: RHP John McLeod
|
|
|
Batting: RHB Michel Martineau
|
0-0: Called Strike 0-1: Fly out, F8 (Flyball, 78XD, EV 89.4 MPH)
|
|
Batting: SHB David Myles
|
0-0: Ball 1-0: Foul Ball, location: 2F 1-1: Called Strike 1-2: Strikes out swinging
|
|
Batting: RHB Jimmy Buzard
|
0-0: Ball 1-0: Called Strike 1-1: Ball 2-1: Ball 3-1: Called Strike 3-2: DOUBLE (Line Drive, 8RXD, EV 106.9 MPH)
|
|
Batting: RHB Tony Rivera
|
0-0: SINGLE (Groundball, 6MD, EV 107.5 MPH) (infield hit) Jimmy Buzard to third
|
|
Batting: RHB Aaron Trotman
|
0-0: Ball 1-0: Ball 2-0: Foul Ball, location: 2F 2-1: SINGLE (Line Drive, 78S, EV 107.5 MPH) Jimmy Buzard scores Tony Rivera to second Runner from 2nd tries for 3rd, SAFE, throw by LF made to third
|
|
Batting: SHB Aaron Tatar
|
0-0: Ball 1-0: Ball 2-0: Ball 3-0: Called Strike 3-1: Base on Balls Aaron Trotman to second
|
|
Batting: RHB Eric Narrow
|
0-0: Ball 1-0: SINGLE (Line Drive, 3L, EV 96.9 MPH) Tony Rivera scores Aaron Trotman to third Aaron Tatar to second Runner from 3rd tries for Home, SAFE, throw by RF to home
|
|
Batting: RHB Bobby Blanchard
|
0-0: Ground out 6-3 (Groundball, 6MS, EV 65.6 MPH)
|
| Top of the 1st over - 3 runs, 4 hits, 0 errors, 2 left on base; Rochester 3 - Pawtucket 0 |
| BOTTOM OF THE 1ST |
|
Pawtucket Red Sox batting - Pitching for Rochester Red Wings : RHP Bill Rondeau
|
|
Pitching: RHP Bill Rondeau
|
|
|
Batting: SHB Ben Ervin
|
0-0: Called Strike 0-1: Foul Ball, location: 2F 0-2: Ball 1-2: Ball 2-2: Ball 3-2: SINGLE (Groundball, 34D, EV 93.8 MPH)
|
|
Batting: LHB Mike Mentzer
|
0-0: Fielders Choice at 2nd, 1-6 (Groundball, 23, EV 55.0 MPH)
|
|
Batting: LHB Shoichi Aso
|
0-0: Ball 1-0: Swinging Strike 1-1: Ball 2-1: Foul Ball, location: 2F 2-2: Strikes out swinging
|
|
Batting: RHB Marty King
|
0-0: Ball 1-0: Swinging Strike 1-1: Ball 2-1: Swinging Strike 2-2: Strikes out swinging
|
| Bottom of the 1st over - 0 runs, 1 hit, 0 errors, 1 left on base; Rochester 3 - Pawtucket 0 |
| TOP OF THE 2ND |
|
Rochester Red Wings batting - Pitching for Pawtucket Red Sox : RHP John McLeod
|
|
Batting: LHB Kai Baker
|
0-0: Fly out, F6 (Popup, 6MD, EV 60.6 MPH)
|
|
Batting: RHB Michel Martineau
|
0-0: Ball 1-0: Ball 2-0: Ball 3-0: Base on Balls
|
|
Batting: SHB David Myles
|
0-0: Ball 1-0: Ball 2-0: Ball 3-0: Called Strike 3-1: Fly out, F8 (Flyball, 8LD, EV 98.8 MPH)
|
|
Batting: RHB Jimmy Buzard
|
0-0: Ball 1-0: Swinging Strike 1-1: Ball 2-1: Ground out U3 (Groundball, 34, EV 78.1 MPH)
|
| Top of the 2nd over - 0 runs, 0 hits, 0 errors, 1 left on base; Rochester 3 - Pawtucket 0 |
| BOTTOM OF THE 2ND |
|
Pawtucket Red Sox batting - Pitching for Rochester Red Wings : RHP Bill Rondeau
|
|
Batting: RHB Ernie Genier
|
0-0: Ball 1-0: Ball 2-0: Ground out 6-3 (Groundball, 56, EV 100.6 MPH)
|
|
Batting: RHB Nate Dickinson
|
0-0: Called Strike 0-1: Ball 1-1: SINGLE (Groundball, 6MS, EV 68.8 MPH) (infield hit)
|
|
Batting: LHB Noel Wilson
|
0-0: Foul Ball, location: 2F 0-1: Grounds into double play, 4-6-3 (Groundball, 4, EV 106.3 MPH)
|
| Bottom of the 2nd over - 0 runs, 1 hit, 0 errors, 0 left on base; Rochester 3 - Pawtucket 0 |
| TOP OF THE 3RD |
|
Rochester Red Wings batting - Pitching for Pawtucket Red Sox : RHP John McLeod
|
|
Batting: RHB Tony Rivera
|
0-0: Called Strike 0-1: Swinging Strike 0-2: Strikes out swinging
|
|
Batting: RHB Aaron Trotman
|
0-0: Foul Ball, location: 2F 0-1: Ball 1-1: Reached on error, E1 (Groundball, 13S, EV 70.6 MPH)
|
|
Batting: SHB Aaron Tatar
|
0-0: Ball 1-0: Foul Ball, location: 2F 1-1: Ball 2-1: Foul Ball, location: 2F 2-2: Ball 3-2: Strikes out swinging Aaron Trotman steals 2nd base Batter strikes out.
|
|
Batting: RHB Eric Narrow
|
0-0: Ball 1-0: Ground out 3-1 (Groundball, 34S, EV 85.0 MPH)
|
| Top of the 3rd over - 0 runs, 0 hits, 1 error, 1 left on base; Rochester 3 - Pawtucket 0 |
| BOTTOM OF THE 3RD |
|
Pawtucket Red Sox batting - Pitching for Rochester Red Wings : RHP Bill Rondeau
|
|
Batting: RHB Mike Quackenbush
|
0-0: Ball 1-0: Called Strike 1-1: Ground out 4-3 (Groundball, 4, EV 90.0 MPH)
|
|
Batting: SHB Gus Cruz
|
0-0: Foul Ball, location: 2F 0-1: Foul Ball, location: 2F 0-2: Ball 1-2: Strikes out swinging
|
|
Batting: SHB Ben Ervin
|
0-0: Called Strike 0-1: Ball 1-1: Called Strike 1-2: Foul Ball, location: 2F 1-2: Foul Ball, location: 2F 1-2: Ball 2-2: Ball 3-2: Base on Balls
|
|
Batting: LHB Mike Mentzer
|
0-0: Called Strike 0-1: Ball 1-1: Swinging Strike 1-2: Ground out 4-3 (Groundball, 4D, EV 101.3 MPH)
|
| Bottom of the 3rd over - 0 runs, 0 hits, 0 errors, 1 left on base; Rochester 3 - Pawtucket 0 |
| TOP OF THE 4TH |
|
Rochester Red Wings batting - Pitching for Pawtucket Red Sox : RHP John McLeod
|
|
Batting: RHB Bobby Blanchard
|
0-0: Ball 1-0: Fly out, F8 (Flyball, 8LD, EV 94.4 MPH)
|
|
Batting: LHB Kai Baker
|
0-0: Ball 1-0: Called Strike 1-1: Called Strike 1-2: SINGLE (Groundball, 34, EV 100.0 MPH)
|
|
Batting: RHB Michel Martineau
|
0-0: Foul Ball, location: 2F 0-1: Ball 1-1: Ball 2-1: Foul Ball, location: 2F 2-2: 2-RUN HOME RUN (Flyball, 78XD, EV 99.4 MPH), Distance : 400 ft
|
|
Pitching: RHP Wayne Kerrick
|
|
|
Batting: SHB David Myles
|
0-0: Called Strike 0-1: Ball 1-1: Ball 2-1: Foul Ball, location: 2F 2-2: Ground out 6-3 (Groundball, 6, EV 79.4 MPH)
|
|
Batting: RHB Jimmy Buzard
|
0-0: Ground out 6-3 (Groundball, 6, EV 87.5 MPH)
|
| Top of the 4th over - 2 runs, 2 hits, 0 errors, 0 left on base; Rochester 5 - Pawtucket 0 |
| BOTTOM OF THE 4TH |
|
Pawtucket Red Sox batting - Pitching for Rochester Red Wings : RHP Bill Rondeau
|
|
Batting: LHB Shoichi Aso
|
0-0: Ball 1-0: Foul Ball, location: 2F 1-1: Called Strike 1-2: Ball 2-2: Ball 3-2: Foul Ball, location: 2F 3-2: Foul Ball, location: 2F 3-2: Ground out 4-3 (Groundball, 4S, EV 87.5 MPH)
|
|
Batting: RHB Marty King
|
0-0: Called Strike 0-1: Foul Ball, location: 2F 0-2: Ball 1-2: Strikes out swinging
|
|
Batting: RHB Ernie Genier
|
0-0: Called Strike 0-1: Called Strike 0-2: Foul Ball, location: 2F 0-2: Ball 1-2: Ball 2-2: SINGLE (Line Drive, 9S, EV 93.8 MPH)
|
|
Batting: RHB Nate Dickinson
|
0-0: Ball 1-0: Called Strike 1-1: Ball 2-1: Foul Ball, location: 2F 2-2: Hit by Pitch Ernie Genier to second
|
|
Batting: LHB Noel Wilson
|
0-0: Ball 1-0: Called Strike 1-1: 3-RUN HOME RUN (Flyball, 9D, EV 94.4 MPH), Distance : 366 ft
|
|
Batting: RHB Mike Quackenbush
|
0-0: Ground out 1-3 (Groundball, 13S, EV 64.4 MPH)
|
| Bottom of the 4th over - 3 runs, 2 hits, 0 errors, 0 left on base; Rochester 5 - Pawtucket 3 |
| TOP OF THE 5TH |
|
Rochester Red Wings batting - Pitching for Pawtucket Red Sox : RHP Wayne Kerrick
|
|
Batting: RHB Tony Rivera
|
0-0: Foul Ball, location: 2F 0-1: Ball 1-1: Ball 2-1: Reached on error, E5 (Groundball, 25, EV 69.4 MPH)
|
|
Batting: RHB Aaron Trotman
|
0-0: Foul Ball, location: 2F 0-1: Foul Ball, location: 2F 0-2: Ball 1-2: Fielders Choice at 2nd, 5-4 (Groundball, 5, EV 101.3 MPH)
|
|
Batting: SHB Aaron Tatar
|
0-0: Grounds into double play, 6-4-3 (Groundball, 6, EV 80.6 MPH)
|
| Top of the 5th over - 0 runs, 0 hits, 1 error, 0 left on base; Rochester 5 - Pawtucket 3 |
| BOTTOM OF THE 5TH |
|
Pawtucket Red Sox batting - Pitching for Rochester Red Wings : RHP Bill Rondeau
|
|
Batting: SHB Gus Cruz
|
0-0: Called Strike 0-1: Reached on error, E6 (Groundball, 6, EV 99.4 MPH)
|
|
Batting: SHB Ben Ervin
|
0-0: Ball Gus Cruz is caught stealing 2nd base 2-6 1-0: DOUBLE (Line Drive, 7LM, EV 100.6 MPH)
|
|
Batting: LHB Mike Mentzer
|
0-0: SINGLE (Line Drive, 78M, EV 100.6 MPH) Ben Ervin to third Runner from 3rd tries for Home, SAFE, throw by CF to home
|
|
Batting: LHB Shoichi Aso
|
0-0: Ball 1-0: Called Strike Mike Mentzer steals 2nd base 1-1: Foul Ball, location: 2F 1-2: SINGLE (Groundball, 4M, EV 90.6 MPH) (infield hit) Mike Mentzer to third
|
|
Batting: RHB Marty King
|
0-0: Ball 1-0: SINGLE (Groundball, 4MS, EV 63.1 MPH) (infield hit) Mike Mentzer scores Shoichi Aso to second
|
|
Pitching: RHP Antonio Alcaraz
|
|
|
Batting: RHB Ernie Genier
|
0-0: Ball 1-0: Ball 2-0: Fly out, F7 (Flyball, 7, EV 93.1 MPH)
|
|
Batting: RHB Nate Dickinson
|
0-0: Ball 1-0: Ball 2-0: Called Strike 2-1: Fly out, F3 (Popup, 3SF, EV 65.0 MPH)
|
| Bottom of the 5th over - 2 runs, 4 hits, 1 error, 2 left on base; Rochester 5 - Pawtucket 5 |
| TOP OF THE 6TH |
|
Rochester Red Wings batting - Pitching for Pawtucket Red Sox : RHP Wayne Kerrick
|
|
Pinch Hitting: LHB Victor Santos
|
0-0: Ball 1-0: Foul Ball, location: 2F 1-1: Called Strike 1-2: Ball 2-2: Foul Ball, location: 2F 2-2: Ground out U3 (Groundball, 34, EV 85.0 MPH)
|
|
Batting: RHB Bobby Blanchard
|
0-0: Called Strike 0-1: Swinging Strike 0-2: Foul Ball, location: 2F 0-2: Strikes out swinging
|
|
Batting: LHB Kai Baker
|
0-0: Hit by Pitch
|
|
Batting: RHB Michel Martineau
|
0-0: Called Strike 0-1: Ball 1-1: Swinging Strike 1-2: Strikes out swinging
|
| Top of the 6th over - 0 runs, 0 hits, 0 errors, 1 left on base; Rochester 5 - Pawtucket 5 |
| BOTTOM OF THE 6TH |
|
Pawtucket Red Sox batting - Pitching for Rochester Red Wings : RHP Antonio Alcaraz
|
|
Now in RF: Vinny Luna
|
|
|
Batting: LHB Noel Wilson
|
0-0: Ball 1-0: Ground out 2-3 (Groundball, 15S, EV 71.9 MPH)
|
|
Batting: RHB Mike Quackenbush
|
0-0: Swinging Strike 0-1: Foul Ball, location: 2F 0-2: Foul Ball, location: 2F 0-2: Foul Ball, location: 2F 0-2: SINGLE (Groundball, 34D, EV 106.3 MPH)
|
|
Batting: SHB Gus Cruz
|
0-0: Foul Ball, location: 2F Pickoff Throw to First - Error! E1 Mike Quackenbush to second 0-1: Called Strike 0-2: Ball 1-2: Strikes out looking
|
|
Batting: SHB Ben Ervin
|
0-0: Ball 1-0: Ball 2-0: Fly out, F7 (Flyball, 7D, EV 96.3 MPH)
|
| Bottom of the 6th over - 0 runs, 1 hit, 1 error, 1 left on base; Rochester 5 - Pawtucket 5 |
| TOP OF THE 7TH |
|
Rochester Red Wings batting - Pitching for Pawtucket Red Sox : RHP Wayne Kerrick
|
|
Pitching: LHP Ken Intagliata
|
|
|
Batting: SHB David Myles
|
0-0: Called Strike 0-1: Foul Ball, location: 2F 0-2: Ball 1-2: Ball 2-2: Ball 3-2: Base on Balls
|
|
Batting: RHB Jimmy Buzard
|
0-0: Ball 1-0: SINGLE (Groundball, 6MD, EV 93.8 MPH) David Myles to second
|
|
Batting: RHB Tony Rivera
|
0-0: Called Strike 0-1: Foul Ball, location: 2F 0-2: Strikes out looking
|
|
Batting: RHB Aaron Trotman
|
0-0: Called Strike 0-1: Ball 1-1: Foul Ball, location: 2F 1-2: Strikes out swinging
|
|
Batting: SHB Aaron Tatar
|
0-0: Called Strike 0-1: Ball 1-1: Foul Ball, location: 2F 1-2: Foul Ball, location: 2F 1-2: Ball 2-2: Foul Ball, location: 2F 2-2: Hit by Pitch David Myles to third Jimmy Buzard to second
|
|
Batting: RHB Vinny Luna
|
0-0: Foul Ball, location: 2F 0-1: Foul Ball, location: 2F 0-2: Ball 1-2: Foul Ball, location: 2F 1-2: Foul Ball, location: 2F 1-2: Ball 2-2: Fly out, F6 (Flyball, 6D, EV 86.9 MPH)
|
| Top of the 7th over - 0 runs, 1 hit, 0 errors, 3 left on base; Rochester 5 - Pawtucket 5 |
| BOTTOM OF THE 7TH |
|
Pawtucket Red Sox batting - Pitching for Rochester Red Wings : RHP Antonio Alcaraz
|
|
Batting: LHB Mike Mentzer
|
0-0: Ball 1-0: Ball 2-0: Called Strike 2-1: Ball 3-1: SINGLE (Line Drive, 89S, EV 89.4 MPH)
|
|
Batting: LHB Shoichi Aso
|
0-0: Called Strike 0-1: Ball 1-1: Ball 2-1: Foul Ball, location: 2F Pickoff Throw to First - Error! E1 Mike Mentzer to second 2-2: Ball 3-2: Base on Balls
|
|
Batting: RHB Marty King
|
0-0: Ball 1-0: Grounds into double play, 5-4-3 (Groundball, 56, EV 86.9 MPH) Mike Mentzer to third
|
|
Batting: RHB Ernie Genier
|
0-0: Ball 1-0: Fly out, F9 (Flyball, 9LS, EV 75.6 MPH)
|
| Bottom of the 7th over - 0 runs, 1 hit, 1 error, 1 left on base; Rochester 5 - Pawtucket 5 |
| TOP OF THE 8TH |
|
Rochester Red Wings batting - Pitching for Pawtucket Red Sox : LHP Ken Intagliata
|
|
Pitching: RHP Billy Fitzgerald
|
|
|
Pinch Hitting: RHB Sifaks Warui
|
0-0: Ball 1-0: Ball 2-0: Ball 3-0: Called Strike 3-1: Base on Balls
|
|
Pinch Runner at 1st Shu-yen Guo:
|
|
|
Batting: LHB Kai Baker
|
0-0: Ball Shu-yen Guo is caught stealing 2nd base 2-6 1-0: Called Strike 1-1: Foul Ball, location: 2F 1-2: Strikes out swinging
|
|
Batting: RHB Michel Martineau
|
0-0: Ball 1-0: Ball 2-0: Called Strike 2-1: Ball 3-1: Called Strike 3-2: Foul Ball, location: 2F 3-2: Base on Balls
|
|
Batting: SHB David Myles
|
0-0: Ball 1-0: Swinging Strike Pickoff Throw to First - Out! 1-3
|
| Top of the 8th over - 0 runs, 0 hits, 0 errors, 0 left on base; Rochester 5 - Pawtucket 5 |
| BOTTOM OF THE 8TH |
|
Pawtucket Red Sox batting - Pitching for Rochester Red Wings : RHP Antonio Alcaraz
|
|
Pitching: RHP Isidro Aguirre
|
|
|
Now at C: Brett Steele
|
|
|
Batting: RHB Nate Dickinson
|
0-0: Ball 1-0: Ball 2-0: Ball 3-0: Base on Balls
|
|
Batting: LHB Noel Wilson
|
0-0: Called Strike 0-1: Bunted foul 0-2: Ball 1-2: Ball 2-2: Fly out, F5 (Popup, 6MS, EV 42.5 MPH)
|
|
Batting: RHB Mike Quackenbush
|
0-0: SINGLE (Line Drive, 9LM, EV 105.6 MPH) Nate Dickinson to second
|
|
Batting: SHB Gus Cruz
|
0-0: Called Strike 0-1: Called Strike 0-2: Ball 1-2: Ground out U3 (Groundball, 34, EV 101.9 MPH) Nate Dickinson to third Mike Quackenbush to second
|
|
Batting: SHB Ben Ervin
|
0-0: Ball 1-0: Foul Ball, location: 2F 1-1: Called Strike 1-2: SINGLE (Groundball, 56D, EV 103.8 MPH) Nate Dickinson scores Mike Quackenbush to third Runner from 3rd tries for Home, SAFE, throw by LF to home Ben Ervin to second
|
|
Batting: LHB Mike Mentzer
|
0-0: Ball 1-0: Called Strike 1-1: Fly out, F7 (Flyball, 7, EV 96.9 MPH)
|
| Bottom of the 8th over - 2 runs, 2 hits, 0 errors, 1 left on base; Rochester 5 - Pawtucket 7 |
| TOP OF THE 9TH |
|
Rochester Red Wings batting - Pitching for Pawtucket Red Sox : RHP Billy Fitzgerald
|
|
Pitching: LHP Mike Nimmo
|
|
|
Batting: SHB David Myles
|
0-0: Foul Ball, location: 2F 0-1: Swinging Strike 0-2: Ball 1-2: Strikes out looking
|
|
Batting: RHB Jimmy Buzard
|
0-0: Fly out, F8 (Flyball, 78M, EV 91.9 MPH)
|
|
Batting: RHB Tony Rivera
|
0-0: Ball 1-0: Called Strike 1-1: Swinging Strike 1-2: Strikes out looking
|
| Top of the 9th over - 0 runs, 0 hits, 0 errors, 0 left on base; Rochester 5 - Pawtucket 7 |
|